 Dungeon Sprint DCSS version 0.30-a0-50-gb2d611f6b1 (webtiles) character file.

Game seed: 10836519895057754794

18 rocky1 the Cudgeller (level 2, -3/29 HPs)
             Began as an Ogre Gladiator on Sept 5, 2022.
             Was an Initiate of Okawaru.
             Slain by Pikel
             ... wielding a +1 whip of freezing
              (8 damage)
             ... in the Dungeon (Sprint VII: "The Pits").
             The game lasted 00:01:04 (399 turns).

rocky1 the Cudgeller (Ogre Gladiator)                Turns: 399, Time: 00:01:05

Health: -3/29      AC:  3    Str: 17    XL:     2   Next: 66%
Magic:  2/2        EV: 10    Int:  9    God:    Okawaru [......]
Gold:   0          SH:  0    Dex: 10    Spells: 1/1 levels left

rFire   . . .      SeeInvis .    l - +2 mace
rCold   . . .      Faith    .    (no shield)
rNeg    . . .      Spirit   .    b - +0 robe
rPois   .          Reflect  .    c - +0 hat
rElec   .          Harm     .    (no cloak)
rCorr   .          Rampage  .    (gloves unavailable)
Will    .....      NoTele   +    (boots unavailable)
Stlth   +.........               (no amulet)
HPRegen 0.09/turn                (no ring)
MPRegen 0.08/turn                (no ring)

@: on berserk cooldown, slowed, very slow
A: large, unfitting armour, tough skin 1
a: Renounce Religion


You were in the Dungeon.
You worshipped Okawaru.
Okawaru was noncommittal.
You visited 1 branch

Inventory:

Hand Weapons
 a - a +0 flail
 l - a +2 mace (weapon)
Missiles
 d - 3 throwing nets (quivered)
 e - a large rock
Armour
 b - a +0 robe (worn)
 c - a +0 hat (worn)
Scrolls
 k - a scroll of blinking
 n - 5 scrolls of amnesia
 o - a scroll of summoning
Potions
 f - a potion of curing
 h - a potion of haste
 i - 4 potions of magic
 j - 2 potions of berserk rage
 m - 2 potions of invisibility


   Skills:
 - Level 2.6 Fighting
 + Level 5.4 Maces & Flails
 - Level 2.0 Throwing
 - Level 2.6 Dodging


You had one spell level left.
You didn't know any spells.
Your spell library was empty.

Dungeon Overview and Level Annotations

Branches:
Dungeon (1/1)

Altars:
Ashenzari
Cheibriados
Dithmenos
Elyvilon
Fedhas
Gozag
Hepliaklqana
Kikubaaqudgha
Makhleb
Nemelex Xobeh
Okawaru
Qazlal
Ru
Sif Muna
Trog
Uskayaw
Vehumet
Wu Jian
Xom
Yredelemnul
Zin
The Shining One
Jiyva
Lugonu

Annotations:
D Pikel


Innate Abilities, Weirdness & Mutations

You are too large for most types of armour.
You have tough skin. (AC +1)


Message History

You sock the quokka!
You kill the quokka!
Okawaru accepts your kill. The orc hits you with a +0 whip.
You see here a quokka corpse.
You barely miss the orc. The orc hits you with a +0 whip.
You sock the orc!
You kill the orc!
Okawaru accepts your kill.
You sock the lemure!
The lemure is heavily wounded.
The lemure hits you.
You hit the lemure.
The lemure is heavily wounded.
You hit the lemure.
The lemure is heavily wounded.
The lemure barely misses you.
You thump the lemure!
You kill the lemure!
That felt strangely unrewarding.
You hit the lemure but do no damage. You closely miss the lemure.
You are no longer berserk.
You are exhausted.
You feel yourself slow down. The lemure hits you!
* * * LOW HITPOINT WARNING * * *
You hit the lemure but do no damage.
Unknown command.
You feel much better. Pikel barely misses you.
You closely miss Pikel. Pikel misses you. Pikel closely misses you.
You closely miss Pikel. Pikel barely misses you.
Pikel hits you with a +1 whip of freezing!
Pikel freezes you.
You hit Pikel but do no damage.
Pikel hits you with a +1 whip of freezing.
* * * LOW HITPOINT WARNING * * *
Pikel freezes you.
* * * LOW HITPOINT WARNING * * *
Pikel hits you with a +1 whip of freezing!
You die...

#_______...###########++
##########'##...........
#.?(.')))'.##......#..#.
##########.##...........
#.....).....'...........
#+#####†#####......#..#.
#. #...'.##...........
#..#...#.#####'#####++
#..#####@##.......#
#..'...#K##.......#
#.K'55.55##.......#
#..########...<...# #.
#.......# # #.......#
#.......# #########


You could see Pikel and 2 lemures.

Vanquished Creatures
  2 lemures (D)
  An ufetubus (D)
  An orc (D)
  An endoplasm (D)
  A goblin (D)
  4 jackals (D)
  A quokka (D)
  A rat (D)
12 creatures vanquished.

Notes
Turn   | Place    | Note
-------+----------+-------------------------------------------
     0 | D        | rocky1 the Ogre Gladiator began the quest for the Orb.
     0 | D        | Reached XP level 1. HP: 22/22 MP: 1/1
    18 | D        | Reached skill level 4 in Maces & Flails
   252 | D        | Found a bloodstained altar of Trog.
   252 | D        | Found a shimmering blue altar of Sif Muna.
   252 | D        | Found a viscous altar of Jiyva.
   252 | D        | Found a hazy altar of Hepliaklqana.
   252 | D        | Found an opulent altar of Gozag.
   253 | D        | Found a glowing golden altar of the Shining One.
   253 | D        | Found a glowing silver altar of Zin.
   253 | D        | Found a basalt altar of Yredelemnul.
   253 | D        | Found a shimmering altar of Xom.
   253 | D        | Found an ornate altar of the Wu Jian Council.
   253 | D        | Found a sacrificial altar of Ru.
   253 | D        | Found a stormy altar of Qazlal.
   253 | D        | Found an iron altar of Okawaru.
   253 | D        | Found a sparkling altar of Nemelex Xobeh.
   253 | D        | Found a burning altar of Makhleb.
   253 | D        | Found a blossoming altar of Fedhas.
   253 | D        | Found a white marble altar of Elyvilon.
   253 | D        | Found a shadowy altar of Dithmenos.
   253 | D        | Found a snail-covered altar of Cheibriados.
   256 | D        | Found a corrupted altar of Lugonu.
   256 | D        | Found a radiant altar of Vehumet.
   257 | D        | Found an ancient bone altar of Kikubaaqudgha.
   257 | D        | Found a hide-covered altar of Uskayaw.
   257 | D        | Found a broken altar of Ashenzari.
   261 | D        | Became a worshipper of Warmaster Okawaru
   278 | D        | Reached XP level 2. HP: 29/29 MP: 2/2
   291 | D        | Reached skill level 5 in Maces & Flails
   370 | D        | Noticed a lemure
   370 | D        | Noticed a lemure
   370 | D        | Noticed a lemure
   370 | D        | Noticed a lemure
   374 | D        | Noticed Pikel
   383 | D        | Killed a lemure
   392 | D        | Killed a lemure
   399 | D        | Slain by Pikel

Illustrated notes

Levels and vault maps discovered:
D:        pitsprint [storerooms_1, entrance_room_1, metal_vault_4, armoury_2,
          mini_pit_1, grid_room_1, main_hall_1, silver_pit, the_coven_1,
          the_vestibule_1, steel_vault_1, golden_pit, hallway_of_sentries,
          crystal_vault_2, iron_vault_4, final_vault]

Skill      XL: |  1  2 |
---------------+-------+-----
Maces & Flails | 4 5 |  5.4
Fighting       | |  2.6
Throwing       | |  2.0
Dodging        | |  2.6

Action                   || total
-------------------------++-------
Melee: Flail             ||     5
       Mace              ||    39
  Use: Potion            ||     2
Armor: Robe              ||    13
Dodge: Dodged            ||    33

Table legend: (Time is in decaauts)
 A = Elapsed time spent in this place.
 B = Non-inter-level travel time spent in this place.
 C = Inter-level travel time spent in this place.
 D = Time resting spent in this place.
 E = Time spent auto-exploring this place.
 F = Levels seen in this place.
 G = Mean time per level.
                   A        B        C        D        E       F      G
               +--------+--------+--------+--------+--------+-----+--------+
         Total |    402 |    402 |      0 |    261 |      0 |   1 |  402.0 |
       Dungeon |    402 |    402 |      0 |    261 |      0 |   1 |  402.0 |
               +--------+--------+--------+--------+--------+-----+--------+

Top non-repeatable levels by time:
       D: 402 daAuts
